Thunder vs Staline

Created - 29 octobre 2014 at 23:27

Goals
1 2 3 T
Thunder 0 0 2 2
Staline 2 2 1 5
Shots
1 2 3 T
Thunder 6 5 12 23
Staline 13 6 15 34

1st period

1. Staline , Devin Setoguchi 14 (Theo Peckham) at 15:48
2. Staline , James Sheppard 3 (Jared Boll, Devin Setoguchi) at 17:43

Penalties :
Brandon Prust (StJ) for Hooking (Minor) at 17:52

2nd period

3. Staline , Cam Janssen 4 (James Sheppard, Theo Peckham) at 2:49
4. Staline , Zac Rinaldo 2 (Jared Boll, Torey Krug) at 16:37

Penalties :
Tim Gleason (TRO) for Holding (Minor) at 17:38

3rd period

5. Thunder , Tom Pyatt 6 (Matt D'Agostini, Scott Parse) at 0:20 (PP)
6. Thunder , Robin Leblanc 3 (Casey Pierro-Zabotel) at 1:48
7. Staline , Nick Spaling 4 (Mathieu Perreault, J.T. Wyman) at 4:23

Penalties :
Brandon Prust (StJ) for Fighting (Major) at 0:08, Jeff Finger (TRO) for Fighting (Major) at 0:08, Brandon Prust (StJ) for instigated a fight (Minor) at 0:08, Brandon Prust (StJ) for instigated a fight (10 Minutes Misconduct) at 0:08, Robin Leblanc (TRO) for Cross-checking (Minor) at 10:31

Goalie Stats

Ben Bishop (TRO), 15 saves from 19 shots - (0,789), L, 6-4-1, 36:37 minutes
Devan Dubnyk (TRO), 14 saves from 15 shots - (0,933), 23:23 minutes
Tobias Stephan (StJ), 21 saves from 23 shots - (0,913), W, 11-2-1, 60:00 minutes

Players Stats for Thunder

Player Name              G  A  P  +/- PIM S  H  SB GA TA FO     MP     PP MP  PK MP  
------------------------------------------------------------------------------------
Brandon Mashinter        0  0  0   1  0   0  2  1  1  0  5/7    19:07   0:50   0:00 
Brett Festerling         0  0  0   1  0   0  1  0  0  1  0/0     7:46   0:10   1:12 
Casey Pierro-Zabotel     0  1  1   1  0   2  4  0  0  0  0/0    20:23   0:50   0:43 
Colby Cohen              0  0  0   0  0   0  0  0  0  0  0/0     0:00   0:00   0:00 
Daultan Leveillé         0  0  0  -3  0   0  0  1  0  0  3/7    13:56   0:10   0:00 
David Fischer            0  0  0   1  0   0  0  0  0  0  0/0     4:55   0:00   0:00 
Derek Peltier            0  0  0  -1  0   0  0  1  0  0  0/0    15:01   0:12   0:13 
Doug Janik               0  0  0  -2  0   4  1  2  0  0  0/0    18:59   0:47   1:08 
Jannik Hansen            0  0  0  -3  0   2  0  1  0  0  0/0    14:26   0:10   0:00 
Jeff Finger              0  0  0  -2  5   1  1  0  0  0  0/0    21:22   1:12   2:07 
Jesse Blacker            0  0  0   0  0   0  0  0  0  0  0/0     0:15   0:00   0:00 
Joey Ryan                0  0  0  -1  0   0  0  0  0  0  0/0    12:50   0:00   1:19 
Jon Kalinski             0  0  0  -3  0   0  0  1  0  0  0/1    14:16   0:00   0:45 
Kelly Zajac              0  0  0   0  0   0  0  0  0  0  0/0     6:50   0:00   1:10 
Kevin Montgomery         0  0  0   0  0   0  0  0  0  0  0/0     0:00   0:00   0:00 
Mat Clark                0  0  0   0  0   0  0  0  0  0  0/0     0:12   0:00   0:00 
Matt D'Agostini          0  1  1  -2  0   3  2  1  1  1  1/2    22:13   1:11   1:58 
Ray Macias               0  0  0  -2  0   0  1  1  0  0  0/0    18:51   0:47   1:08 
Robin Leblanc            1  0  1   1  2   3  3  1  0  0  1/2    19:55   0:50   0:19 
Scott Parse              0  1  1  -2  0   3  3  1  0  1  2/5    22:04   1:11   1:58 
Taylor Doherty           0  0  0   0  0   0  0  0  0  0  0/0     0:11   0:00   0:00 
Tim Gleason              0  0  0  -2  2   3  0  2  2  0  0/0    23:04   1:24   1:02 
Tom Pyatt                1  0  1  -2  0   2  1  0  1  2  13/27  19:23   1:11   0:50 

Players Stats for Staline

Player Name              G  A  P  +/- PIM S  H  SB GA TA FO     MP     PP MP  PK MP  
------------------------------------------------------------------------------------
Andrei Loktionov         0  0  0   1  0   4  1  0  0  0  3/6    17:15   0:57   0:00 
Brandon Prust            0  0  0   1  19  0  2  0  0  0  0/2    15:02   1:56   0:00 
Cam Janssen              1  0  1   1  0   5  2  0  0  0  1/2    18:13   0:57   0:26 
Devin Setoguchi          1  1  2   0  0   1  1  2  1  0  3/5    19:42   2:02   1:14 
Greg Pateryn             0  0  0   1  0   0  0  1  0  0  0/0    13:08   0:38   0:00 
J.T. Wyman               0  1  1   1  0   0  1  0  2  1  0/1    15:27   0:49   0:00 
James Sheppard           1  1  2   2  0   3  0  0  1  0  0/0     9:03   0:29   0:00 
Jared Boll               0  2  2   1  0   2  0  0  0  0  0/0    10:28   0:46   0:00 
Mason Raymond            0  0  0   1  0   4  3  1  0  0  0/0    18:06   0:57   0:31 
Mathieu Perreault        0  1  1   1  0   2  0  0  0  0  3/6    12:49   0:13   0:00 
Nick Spaling             1  0  1   1  0   5  1  0  0  0  0/0    13:17   0:00   0:33 
Stu Bickel               0  0  0   1  0   1  2  1  0  0  0/0    26:28   1:46   1:29 
T.J. Fast                0  0  0   1  0   1  4  1  0  1  0/0    22:38   1:46   0:00 
Theo Peckham             0  2  2   2  0   2  4  1  0  0  0/0    22:23   1:34   0:42 
Torey Krug               0  1  1   1  0   2  1  1  0  1  0/0    14:26   0:30   1:29 
Tyler Cuma               0  0  0   2  0   0  3  1  0  2  0/0    19:59   1:34   0:42 
Yan Stastny              0  0  0   0  0   1  0  0  1  0  16/27  19:31   2:02   1:14 
Zac Rinaldo              1  0  1   2  0   1  2  0  0  0  0/2     9:52   0:54   0:24 

3 Stars

1 - Theo Peckham (StJ)
2 - James Sheppard (StJ)
3 - Zac Rinaldo (StJ)

Power Play

Thunder - 1 on 2 Attempt(s) - 50,00%
Staline - 0 on 2 Attempt(s) - 0,00%

Penalty Kill

Thunder - 2 on 2 Attempt(s) - 100,00% - Score 0 goal in Penalty Kill
Staline - 1 on 2 Attempt(s) - 50,00% - Score 0 goal in Penalty Kill

Official

Referees : Kimmerly Greg and Kowal Tom
Linesman : Vaughan Rody and Steve Barton

Game Notes

Devan Dubnyk enters game at 16:37 of 2nd period
Brandon Prust and Jeff Finger fight to a draw at 0:08 of 3rd period

Finance

Level 1 -- Attendance: 1413 (70,65%) -- Ticket Income 49 455 $
Level 2 -- Attendance: 804 (80,40%) -- Ticket Income 12 060 $
Total Attendance: 2217 (73,90%)
Total Ticket Income: 61 515 $
Other Income: 3 076 $
Total Income: 64 591 $

Thunder

5 vs 5 Forward 
   Center                   Left Wing                Right Wing               Time % Phy DF OF 
 1 Tom Pyatt                Scott Parse              Matt D'Agostini          40     1   2  2  
 2 Brandon Mashinter        Casey Pierro-Zabotel     Robin Leblanc            30     1   2  2  
 3 Daultan Leveillé         Jon Kalinski             Jannik Hansen            20     1   2  2  
 4 Kelly Zajac              Scott Parse              Matt D'Agostini          10     1   2  2  

5 vs 5 Defense 
   Defense                  Defense                                           Time % Phy DF OF 
 1 Tim Gleason              Jeff Finger                                       40     1   2  2  
 2 Doug Janik               Ray Macias                                        30     1   2  2  
 3 Derek Peltier            Joey Ryan                                         20     1   2  2  
 4 Brett Festerling         David Fischer                                     10     1   2  2  

PowerPlay Forward 
   Center                   Left Wing                Right Wing               Time % Phy DF OF 
 1 Tom Pyatt                Scott Parse              Matt D'Agostini          60     1   2  2  
 2 Brandon Mashinter        Casey Pierro-Zabotel     Robin Leblanc            40     1   2  2  

PowerPlay Defense
   Defense                  Defense                                           Time % Phy DF OF 
 1 Tim Gleason              Jeff Finger                                       60     1   2  2  
 2 Doug Janik               Ray Macias                                        40     1   2  2  

Penalty Kill 4 Players Forward 
   Center                   Wing                     Time % Phy DF OF 
 1 Scott Parse              Matt D'Agostini          60     1   2  2  
 2 Tom Pyatt                Robin Leblanc            40     1   2  2  

Penalty Kill 4 Players Defense
   Defense                  Defense                  Time % Phy DF OF 
 1 Tim Gleason              Jeff Finger              60     1   2  2  
 2 Doug Janik               Ray Macias               40     1   2  2  

Penalty Kill - 3 Players Forward 
   Forward                                           Time % Phy DF OF 
 1 Scott Parse                                       60     1   2  2  
 2 Matt D'Agostini                                   40     1   2  2  

Penalty Kill - 3 Players Defense
   Defense                  Defense                  Time % Phy DF OF 
 1 Tim Gleason              Jeff Finger              60     1   2  2  
 2 Doug Janik               Ray Macias               40     1   2  2  

4 vs 4 Forward 
   Center                   Wing                     Time % Phy DF OF 
 1 Scott Parse              Matt D'Agostini          60     1   2  2  
 2 Tom Pyatt                Robin Leblanc            40     1   2  2  

4 vs 4 Defense
   Defense                  Defense                  Time % Phy DF OF 
 1 Tim Gleason              Jeff Finger              60     1   2  2  
 2 Doug Janik               Ray Macias               40     1   2  2  

Last Minutes Offensive
   Center                   Left Wing                Right Wing               Defense                  Defense                  
   Tom Pyatt                Scott Parse              Matt D'Agostini          Tim Gleason              Jeff Finger              

Last Minutes Defensive
   Center                   Left Wing                Right Wing               Defense                  Defense                  
   Tom Pyatt                Scott Parse              Matt D'Agostini          Tim Gleason              Jeff Finger              

Goaltenders
Starting : Ben Bishop               
Backup : Devan Dubnyk             

Extra Forwards
Normal : Jannik Hansen, Daultan Leveillé, Kelly Zajac - PP : Jannik Hansen, Daultan Leveillé - PK : Kelly Zajac
Extra Defensemen
Normal : Derek Peltier, Joey Ryan, Brett Festerling - PP : Derek Peltier - PK : Joey Ryan, Brett Festerling
Penalty Shots
Scott Parse, Matt D'Agostini, Tom Pyatt, Robin Leblanc, Jannik Hansen

Staline

5 vs 5 Forward 
   Center                   Left Wing                Right Wing               Time % Phy DF OF 
 1 Yan Stastny              Brandon Prust            Devin Setoguchi          40     1   2  2  
 2 Andrei Loktionov         Mason Raymond            Cam Janssen              30     1   2  2  
 3 Mathieu Perreault        Nick Spaling             J.T. Wyman               20     1   2  2  
 4 Zac Rinaldo              James Sheppard           Jared Boll               10     1   2  2  

5 vs 5 Defense 
   Defense                  Defense                                           Time % Phy DF OF 
 1 T.J. Fast                Stu Bickel                                        40     1   2  2  
 2 Theo Peckham             Tyler Cuma                                        30     1   2  2  
 3 Torey Krug               Greg Pateryn                                      20     1   2  2  
 4 Theo Peckham             Stu Bickel                                        10     1   2  2  

PowerPlay Forward 
   Center                   Left Wing                Right Wing               Time % Phy DF OF 
 1 Yan Stastny              Brandon Prust            Devin Setoguchi          60     1   2  2  
 2 Andrei Loktionov         Mason Raymond            Cam Janssen              40     1   2  2  

PowerPlay Defense
   Defense                  Defense                                           Time % Phy DF OF 
 1 T.J. Fast                Stu Bickel                                        60     1   2  2  
 2 Theo Peckham             Tyler Cuma                                        40     1   2  2  

Penalty Kill 4 Players Forward 
   Center                   Wing                     Time % Phy DF OF 
 1 Devin Setoguchi          Yan Stastny              60     1   2  2  
 2 Brandon Prust            Cam Janssen              40     1   2  2  

Penalty Kill 4 Players Defense
   Defense                  Defense                  Time % Phy DF OF 
 1 Torey Krug               Stu Bickel               60     1   2  2  
 2 Theo Peckham             Tyler Cuma               40     1   2  2  

Penalty Kill - 3 Players Forward 
   Forward                                           Time % Phy DF OF 
 1 Devin Setoguchi                                   60     1   2  2  
 2 Yan Stastny                                       40     1   2  2  

Penalty Kill - 3 Players Defense
   Defense                  Defense                  Time % Phy DF OF 
 1 T.J. Fast                Stu Bickel               60     1   2  2  
 2 Theo Peckham             Tyler Cuma               40     1   2  2  

4 vs 4 Forward 
   Center                   Wing                     Time % Phy DF OF 
 1 Devin Setoguchi          Yan Stastny              60     1   2  2  
 2 Brandon Prust            Cam Janssen              40     1   2  2  

4 vs 4 Defense
   Defense                  Defense                  Time % Phy DF OF 
 1 Greg Pateryn             Stu Bickel               60     1   2  2  
 2 Theo Peckham             Tyler Cuma               40     1   2  2  

Last Minutes Offensive
   Center                   Left Wing                Right Wing               Defense                  Defense                  
   Yan Stastny              Brandon Prust            Devin Setoguchi          T.J. Fast                Stu Bickel               

Last Minutes Defensive
   Center                   Left Wing                Right Wing               Defense                  Defense                  
   Yan Stastny              Brandon Prust            Devin Setoguchi          T.J. Fast                Stu Bickel               

Goaltenders
Starting : Tobias Stephan           
Backup : Martin Houle             

Extra Forwards
Normal : J.T. Wyman, Jared Boll, Nick Spaling - PP : J.T. Wyman, Jared Boll - PK : Nick Spaling
Extra Defensemen
Normal : Torey Krug, Greg Pateryn, Theo Peckham - PP : Torey Krug - PK : Greg Pateryn, Theo Peckham
Penalty Shots
Devin Setoguchi, Yan Stastny, Brandon Prust, Cam Janssen, Andrei Loktionov

% Time on Ice - Thunder

Lines # - Real PCT - Wanted PCT - Time Play
Normal Forward
1 - 33% - 40% - 17:42
2 - 34% - 30% - 18:17
3 - 25% - 20% - 13:17
4 - 9% - 10% - 4:35
Normal Defense
1 - 38% - 40% - 20:29
2 - 31% - 30% - 16:56
3 - 21% - 20% - 11:31
4 - 9% - 10% - 4:55
PP Forward
1 - 62% - 60% - 1:21
2 - 38% - 40% - 0:50
PP Defense
1 - 64% - 60% - 1:24
2 - 36% - 40% - 0:47
PK Forward
1 - 92% - 60% - 3:39
2 - 8% - 40% - 0:19
PK Defense
1 - 53% - 60% - 2:07
2 - 47% - 40% - 1:51
PK3 Forward
1 - 0% - 60%
2 - 0% - 40%
PK3 Defense
1 - 0% - 60%
2 - 0% - 40%
44 Forward
1 - 0% - 60%
2 - 0% - 40%
44 Defense
1 - 0% - 60%
2 - 0% - 40%
Last Minute Offensive  - 0:00
Last Minute Defensive  - 0:00
Total
Forward - 60:00
Defense - 60:00

% Time on Ice - Staline

Lines # - Real PCT - Wanted PCT - Time Play
Normal Forward
1 - 30% - 40% - 16:16
2 - 31% - 30% - 16:26
3 - 23% - 20% - 12:36
4 - 16% - 10% - 8:33
Normal Defense
1 - 39% - 40% - 20:52
2 - 33% - 30% - 17:43
3 - 24% - 20% - 12:52
4 - 4% - 10% - 2:24
PP Forward
1 - 76% - 60% - 3:01
2 - 24% - 40% - 0:57
PP Defense
1 - 61% - 60% - 2:24
2 - 39% - 40% - 1:34
PK Forward
1 - 80% - 60% - 1:45
2 - 20% - 40% - 0:26
PK Defense
1 - 68% - 60% - 1:29
2 - 32% - 40% - 0:42
PK3 Forward
1 - 0% - 60%
2 - 0% - 40%
PK3 Defense
1 - 0% - 60%
2 - 0% - 40%
44 Forward
1 - 0% - 60%
2 - 0% - 40%
44 Defense
1 - 0% - 60%
2 - 0% - 40%
Last Minute Offensive  - 0:00
Last Minute Defensive  - 0:00
Total
Forward - 60:00
Defense - 60:00

Play by Play

1st period


0:01 of 1st period - Yan Stastny wins face-off versus Scott Parse in neutral zone.
1:37 of 1st period - Slapshot by Robin Leblanc.
1:37 of 1st period - Shot Misses the Net.
1:51 of 1st period - Wrist shot by Cam Janssen.
1:51 of 1st period - Shot Misses the Net.
1:53 of 1st period - Slapshot by Mason Raymond.
1:53 of 1st period - Stopped by Ben Bishop with a rebound.
2:33 of 1st period - Jeff Finger is hit by Zac Rinaldo and loses puck.
2:55 of 1st period - Wrist shot by Yan Stastny.
2:55 of 1st period - Deflect By Brandon Prust.
2:55 of 1st period - Shot Blocked by Ray Macias.
2:55 of 1st period - Puck is out of play.
2:56 of 1st period - Yan Stastny wins face-off versus Daultan Leveillé in Thunder zone.
3:07 of 1st period - Snap shot by Devin Setoguchi.
3:07 of 1st period - Shot Misses the Net.
3:19 of 1st period - Tom Pyatt is hit by Tyler Cuma and loses puck.
3:26 of 1st period - Snap shot by Cam Janssen.
3:26 of 1st period - Stopped by Ben Bishop with a rebound.
3:28 of 1st period - Snap shot by Andrei Loktionov.
3:28 of 1st period - Shot Misses the Net.
3:30 of 1st period - Wrist shot by Cam Janssen.
3:30 of 1st period - Deflect By Andrei Loktionov.
3:30 of 1st period - Shot Misses the Net.
3:30 of 1st period - Puck is out of play.
3:31 of 1st period - Robin Leblanc wins face-off versus Brandon Prust in Thunder zone.
3:40 of 1st period - Slapshot by Doug Janik.
3:40 of 1st period - Stopped by Tobias Stephan without a rebound.
3:41 of 1st period - Brandon Mashinter wins face-off versus Yan Stastny in Staline zone.
3:44 of 1st period - Slapshot by Doug Janik.
3:44 of 1st period - Shot Blocked by Theo Peckham.
3:46 of 1st period - Slapshot by Doug Janik.
3:46 of 1st period - Stopped by Tobias Stephan without a rebound.
3:47 of 1st period - Tom Pyatt wins face-off versus Andrei Loktionov in Staline zone.
3:50 of 1st period - Snap shot by Matt D'Agostini.
3:50 of 1st period - Shot Misses the Net.
4:28 of 1st period - Nick Spaling is hit by Casey Pierro-Zabotel and loses puck.
4:45 of 1st period - Wrist shot by Jannik Hansen.
4:45 of 1st period - Stopped by Tobias Stephan with a rebound.
5:01 of 1st period - Scott Parse is hit by Torey Krug and loses puck.
5:18 of 1st period - Slapshot by Jared Boll.
5:18 of 1st period - Shot Misses the Net.
5:30 of 1st period - Snap shot by James Sheppard.
5:30 of 1st period - Shot Hit the Post.
5:32 of 1st period - Slapshot by Nick Spaling.
5:32 of 1st period - Stopped by Ben Bishop with a rebound.
5:34 of 1st period - Slapshot by J.T. Wyman.
5:34 of 1st period - Shot Misses the Net.
5:36 of 1st period - Slapshot by Torey Krug.
5:36 of 1st period - Stopped by Ben Bishop without a rebound.
5:37 of 1st period - Mathieu Perreault wins face-off versus Tom Pyatt in Thunder zone.
5:38 of 1st period - Snap shot by J.T. Wyman.
5:38 of 1st period - Deflect By Ray Macias.
5:38 of 1st period - Shot Misses the Net.
5:38 of 1st period - Puck is out of play.
5:39 of 1st period - Yan Stastny wins face-off versus Tom Pyatt in Thunder zone.
6:07 of 1st period - Snap shot by Andrei Loktionov.
6:07 of 1st period - Stopped by Ben Bishop with a rebound.
6:49 of 1st period - Theo Peckham is hit by Scott Parse and loses puck.
6:58 of 1st period - Slapshot by Scott Parse.
6:58 of 1st period - Stopped by Tobias Stephan with a rebound.
7:44 of 1st period - Wrist shot by Nick Spaling.
7:44 of 1st period - Stopped by Ben Bishop without a rebound.
7:45 of 1st period - Brandon Mashinter wins face-off versus Mathieu Perreault in Thunder zone.
8:06 of 1st period - J.T. Wyman is hit by Casey Pierro-Zabotel and loses puck.
9:01 of 1st period - T.J. Fast is hit by Robin Leblanc and loses puck.
9:22 of 1st period - T.J. Fast is hit by Brandon Mashinter and loses puck.
9:37 of 1st period - Snap shot by Nick Spaling.
9:37 of 1st period - Stopped by Ben Bishop with a rebound.
10:06 of 1st period - Snap shot by Brandon Mashinter.
10:06 of 1st period - Shot Misses the Net.
10:08 of 1st period - Wrist shot by Robin Leblanc.
10:08 of 1st period - Shot Misses the Net.
10:14 of 1st period - Snap shot by Robin Leblanc.
10:14 of 1st period - Stopped by Tobias Stephan without a rebound.
10:15 of 1st period - Yan Stastny wins face-off versus Tom Pyatt in Staline zone.
10:50 of 1st period - Snap shot by Jannik Hansen.
10:50 of 1st period - Shot Misses the Net.
12:33 of 1st period - Cam Janssen is hit by Ray Macias.
13:30 of 1st period - Icing by Zac Rinaldo.
13:31 of 1st period - Daultan Leveillé wins face-off versus Yan Stastny in Staline zone.
13:58 of 1st period - Brandon Prust is hit by Matt D'Agostini and loses puck.
14:31 of 1st period - Tim Gleason is hit by Zac Rinaldo and loses puck.
14:58 of 1st period - Off-side.
14:59 of 1st period - Mathieu Perreault wins face-off versus Daultan Leveillé in neutral zone.
15:02 of 1st period - Snap shot by Nick Spaling.
15:02 of 1st period - Shot Misses the Net.
15:04 of 1st period - Slapshot by Torey Krug.
15:04 of 1st period - Stopped by Ben Bishop without a rebound.
15:05 of 1st period - Brandon Mashinter wins face-off versus Mathieu Perreault in Thunder zone.
15:10 of 1st period - Ray Macias is hit by Nick Spaling and loses puck.
15:48 of 1st period - Wrist shot by Devin Setoguchi.
15:48 of 1st period - Goal by Devin Setoguchi - Thunder : 0 - Staline : 1.
15:49 of 1st period - Yan Stastny wins face-off versus Tom Pyatt in neutral zone.
16:04 of 1st period - Snap shot by Tom Pyatt.
16:04 of 1st period - Shot Misses the Net.
16:19 of 1st period - Wrist shot by Cam Janssen.
16:19 of 1st period - Stopped by Ben Bishop with a rebound.
16:21 of 1st period - Wrist shot by Cam Janssen.
16:21 of 1st period - Shot Misses the Net.
16:23 of 1st period - Wrist shot by T.J. Fast.
16:23 of 1st period - Stopped by Ben Bishop with a rebound.
16:25 of 1st period - Slapshot by Cam Janssen.
16:25 of 1st period - Deflect By Ray Macias.
16:25 of 1st period - Shot Blocked by Robin Leblanc.
16:25 of 1st period - Puck is out of play.
16:26 of 1st period - Tom Pyatt wins face-off versus Andrei Loktionov in Thunder zone.
16:51 of 1st period - Brandon Prust is hit by Jeff Finger and loses puck.
17:14 of 1st period - Wrist shot by James Sheppard.
17:14 of 1st period - Stopped by Ben Bishop without a rebound.
17:15 of 1st period - Daultan Leveillé wins face-off versus Andrei Loktionov in Thunder zone.
17:15 of 1st period - Daultan Leveillé is hit by Andrei Loktionov.
17:43 of 1st period - Snap shot by James Sheppard.
17:43 of 1st period - Goal by James Sheppard - Thunder : 0 - Staline : 2.
17:44 of 1st period - Tom Pyatt wins face-off versus Yan Stastny in neutral zone.
17:52 of 1st period - Minor Penalty to Brandon Prust for Hooking.
17:53 of 1st period - Devin Setoguchi wins face-off versus Tom Pyatt in Staline zone.
18:08 of 1st period - Snap shot by Matt D'Agostini.
18:08 of 1st period - Stopped by Tobias Stephan with a rebound.
18:30 of 1st period - Scott Parse is hit by Devin Setoguchi and loses puck.
19:52 of 1st period - Penalty to Brandon Prust is over, Brandon Prust is back on ice.
Goals for this period are 0 for Thunder vs 2 for Staline.
Shots for this period are 6 for Thunder vs 13 for Staline.

2nd period


0:01 of 2nd period - Yan Stastny wins face-off versus Matt D'Agostini in neutral zone.
0:16 of 2nd period - Wrist shot by Tom Pyatt.
0:16 of 2nd period - Shot Blocked by Devin Setoguchi.
0:26 of 2nd period - Jeff Finger is hit by Mason Raymond and loses puck.
0:31 of 2nd period - Snap shot by Cam Janssen.
0:31 of 2nd period - Stopped by Ben Bishop without a rebound.
0:32 of 2nd period - Tom Pyatt wins face-off versus Cam Janssen in Thunder zone.
0:32 of 2nd period - Tom Pyatt is hit by Cam Janssen.
0:44 of 2nd period - Wrist shot by Tom Pyatt.
0:44 of 2nd period - Shot Misses the Net.
1:46 of 2nd period - Snap shot by Matt D'Agostini.
1:46 of 2nd period - Shot Misses the Net.
2:06 of 2nd period - Jannik Hansen is hit by Brandon Prust.
2:49 of 2nd period - Slapshot by Cam Janssen.
2:49 of 2nd period - Goal by Cam Janssen - Thunder : 0 - Staline : 3.
2:50 of 2nd period - Yan Stastny wins face-off versus Tom Pyatt in neutral zone.
3:06 of 2nd period - Jeff Finger is hit by Brandon Prust and loses puck.
3:17 of 2nd period - Casey Pierro-Zabotel is hit by Mason Raymond and loses puck.
3:41 of 2nd period - Daultan Leveillé is hit by Tyler Cuma and loses puck.
4:10 of 2nd period - Yan Stastny is hit by Brett Festerling and loses puck.
5:14 of 2nd period - J.T. Wyman is hit by Casey Pierro-Zabotel and loses puck.
5:29 of 2nd period - Wrist shot by Andrei Loktionov.
5:29 of 2nd period - Shot Misses the Net.
5:51 of 2nd period - Andrei Loktionov is hit by Doug Janik and loses puck.
6:30 of 2nd period - Slapshot by T.J. Fast.
6:30 of 2nd period - Shot Blocked by Scott Parse.
6:45 of 2nd period - Icing by Devin Setoguchi.
6:46 of 2nd period - Yan Stastny wins face-off versus Jon Kalinski in Staline zone.
7:03 of 2nd period - Snap shot by Robin Leblanc.
7:03 of 2nd period - Shot Blocked by Torey Krug.
7:05 of 2nd period - Snap shot by Casey Pierro-Zabotel.
7:05 of 2nd period - Stopped by Tobias Stephan with a rebound.
7:07 of 2nd period - Snap shot by Casey Pierro-Zabotel.
7:07 of 2nd period - Shot Misses the Net.
8:56 of 2nd period - Snap shot by Nick Spaling.
8:56 of 2nd period - Shot Blocked by Tim Gleason.
10:24 of 2nd period - Stu Bickel is hit by Robin Leblanc and loses puck.
11:00 of 2nd period - Off-side.
11:01 of 2nd period - Tom Pyatt wins face-off versus Zac Rinaldo in neutral zone.
11:29 of 2nd period - Snap shot by Yan Stastny.
11:29 of 2nd period - Shot Misses the Net.
11:31 of 2nd period - Backhand shot by Yan Stastny.
11:31 of 2nd period - Shot Blocked by Doug Janik.
11:43 of 2nd period - Slapshot by Doug Janik.
11:43 of 2nd period - Deflect By Mason Raymond.
11:43 of 2nd period - Stopped by Tobias Stephan with a rebound.
12:15 of 2nd period - Snap shot by Jared Boll.
12:15 of 2nd period - Stopped by Ben Bishop without a rebound.
12:16 of 2nd period - Tom Pyatt wins face-off versus Zac Rinaldo in Thunder zone.
12:41 of 2nd period - Casey Pierro-Zabotel is hit by Theo Peckham.
12:55 of 2nd period - Slapshot by Tim Gleason.
12:55 of 2nd period - Stopped by Tobias Stephan without a rebound.
12:56 of 2nd period - Cam Janssen wins face-off versus Daultan Leveillé in Staline zone.
13:07 of 2nd period - Slapshot by Tim Gleason.
13:07 of 2nd period - Shot Blocked by Mason Raymond.
13:18 of 2nd period - Wrist shot by Tim Gleason.
13:18 of 2nd period - Shot Misses the Net.
13:28 of 2nd period - Snap shot by Mason Raymond.
13:28 of 2nd period - Stopped by Ben Bishop with a rebound.
13:30 of 2nd period - Slapshot by Andrei Loktionov.
13:30 of 2nd period - Shot Misses the Net.
13:36 of 2nd period - Wrist shot by Cam Janssen.
13:36 of 2nd period - Shot Blocked by Jannik Hansen.
13:40 of 2nd period - Snap shot by Andrei Loktionov.
13:40 of 2nd period - Shot Misses the Net.
13:42 of 2nd period - Snap shot by Andrei Loktionov.
13:42 of 2nd period - Shot Blocked by Doug Janik.
13:44 of 2nd period - Wrist shot by Andrei Loktionov.
13:44 of 2nd period - Shot Blocked by Jon Kalinski.
13:46 of 2nd period - Snap shot by Andrei Loktionov.
13:46 of 2nd period - Deflect By Mason Raymond.
13:46 of 2nd period - Shot Misses the Net.
13:46 of 2nd period - Puck is out of play.
13:47 of 2nd period - Tom Pyatt wins face-off versus Yan Stastny in Thunder zone.
14:14 of 2nd period - Casey Pierro-Zabotel is hit by Theo Peckham and loses puck.
14:25 of 2nd period - Slapshot by Tyler Cuma.
14:25 of 2nd period - Deflect By Nick Spaling.
14:25 of 2nd period - Shot Misses the Net.
14:25 of 2nd period - Puck is out of play.
14:26 of 2nd period - Yan Stastny wins face-off versus Tom Pyatt in Thunder zone.
14:31 of 2nd period - Wrist shot by Brandon Prust.
14:31 of 2nd period - Deflect By Yan Stastny.
14:31 of 2nd period - Stopped by Ben Bishop without a rebound.
14:32 of 2nd period - Devin Setoguchi wins face-off versus Tom Pyatt in Thunder zone.
14:47 of 2nd period - Brandon Prust is hit by Scott Parse and loses puck.
14:58 of 2nd period - Slapshot by Robin Leblanc.
14:58 of 2nd period - Deflect By Casey Pierro-Zabotel.
14:58 of 2nd period - Shot Misses the Net.
14:58 of 2nd period - Puck is out of play.
14:59 of 2nd period - Andrei Loktionov wins face-off versus Brandon Mashinter in Staline zone.
15:10 of 2nd period - Slapshot by Jeff Finger.
15:10 of 2nd period - Stopped by Tobias Stephan with a rebound.
15:12 of 2nd period - Snap shot by Casey Pierro-Zabotel.
15:12 of 2nd period - Stopped by Tobias Stephan with a rebound.
15:14 of 2nd period - Snap shot by Brandon Mashinter.
15:14 of 2nd period - Deflect By Robin Leblanc.
15:14 of 2nd period - Shot Blocked by Stu Bickel.
15:14 of 2nd period - Puck is out of play.
15:15 of 2nd period - Yan Stastny wins face-off versus Scott Parse in Staline zone.
16:26 of 2nd period - Zac Rinaldo is hit by Tom Pyatt and loses puck.
16:37 of 2nd period - Slapshot by Zac Rinaldo.
16:37 of 2nd period - Goal by Zac Rinaldo - Thunder : 0 - Staline : 4.
16:37 of 2nd period - Devan Dubnyk enters game.
16:38 of 2nd period - Brandon Mashinter wins face-off versus Yan Stastny in neutral zone.
17:38 of 2nd period - Minor Penalty to Tim Gleason for Holding.
17:39 of 2nd period - Scott Parse wins face-off versus Yan Stastny in Thunder zone.
18:02 of 2nd period - Doug Janik is hit by Mason Raymond and loses puck.
19:38 of 2nd period - Penalty to Tim Gleason is over, Tim Gleason is back on ice.
19:48 of 2nd period - Tom Pyatt is hit by Theo Peckham and loses puck.
19:59 of 2nd period - Theo Peckham is hit by Casey Pierro-Zabotel and loses puck.
Goals for this period are 0 for Thunder vs 2 for Staline.
Shots for this period are 5 for Thunder vs 6 for Staline.

3rd period


0:01 of 3rd period - Devin Setoguchi wins face-off versus Scott Parse in neutral zone.
0:03 of 3rd period - T.J. Fast is hit by Matt D'Agostini.
0:08 of 3rd period - Brandon Prust and Jeff Finger fight to a draw.
0:08 of 3rd period - Penalty to Brandon Prust for Fighting.
0:08 of 3rd period - Penalty to Jeff Finger for Fighting.
0:08 of 3rd period - Penalty to Brandon Prust for instigated a fight.
0:08 of 3rd period - Penalty to Brandon Prust for instigated a fight.
0:09 of 3rd period - Matt D'Agostini wins face-off versus Devin Setoguchi in neutral zone.
0:20 of 3rd period - Slapshot by Tom Pyatt.
0:20 of 3rd period - Deflect By Stu Bickel.
0:20 of 3rd period - Goal by Tom Pyatt - Thunder : 1 - Staline : 4.
0:21 of 3rd period - Yan Stastny wins face-off versus Tom Pyatt in neutral zone.
0:24 of 3rd period - Matt D'Agostini is hit by Stu Bickel.
0:34 of 3rd period - Tom Pyatt is hit by Stu Bickel and loses puck.
1:22 of 3rd period - Slapshot by Jared Boll.
1:22 of 3rd period - Stopped by Devan Dubnyk with a rebound.
1:48 of 3rd period - Wrist shot by Robin Leblanc.
1:48 of 3rd period - Goal by Robin Leblanc - Thunder : 2 - Staline : 4.
1:49 of 3rd period - Tom Pyatt wins face-off versus Yan Stastny in neutral zone.
1:54 of 3rd period - Snap shot by Scott Parse.
1:54 of 3rd period - Stopped by Tobias Stephan without a rebound.
1:55 of 3rd period - Yan Stastny wins face-off versus Tom Pyatt in Staline zone.
2:26 of 3rd period - Backhand shot by Tim Gleason.
2:26 of 3rd period - Stopped by Tobias Stephan without a rebound.
2:27 of 3rd period - Brandon Mashinter wins face-off versus Yan Stastny in Staline zone.
2:28 of 3rd period - Snap shot by Doug Janik.
2:28 of 3rd period - Stopped by Tobias Stephan without a rebound.
2:29 of 3rd period - Tom Pyatt wins face-off versus Devin Setoguchi in Staline zone.
2:38 of 3rd period - Slapshot by Doug Janik.
2:38 of 3rd period - Deflect By Tom Pyatt.
2:38 of 3rd period - Shot Misses the Net.
2:38 of 3rd period - Puck is out of play.
2:39 of 3rd period - Tom Pyatt wins face-off versus Yan Stastny in Staline zone.
2:40 of 3rd period - Slapshot by Doug Janik.
2:40 of 3rd period - Shot Misses the Net.
2:42 of 3rd period - Wrist shot by Matt D'Agostini.
2:42 of 3rd period - Stopped by Tobias Stephan with a rebound.
2:44 of 3rd period - Slapshot by Tom Pyatt.
2:44 of 3rd period - Stopped by Tobias Stephan with a rebound.
2:46 of 3rd period - Slapshot by Ray Macias.
2:46 of 3rd period - Shot Blocked by T.J. Fast.
2:48 of 3rd period - Slapshot by Ray Macias.
2:48 of 3rd period - Shot Misses the Net.
2:50 of 3rd period - Slapshot by Ray Macias.
2:50 of 3rd period - Deflect By Matt D'Agostini.
2:50 of 3rd period - Shot Misses the Net.
2:50 of 3rd period - Puck is out of play.
2:51 of 3rd period - Yan Stastny wins face-off versus Tom Pyatt in Staline zone.
2:58 of 3rd period - Derek Peltier is hit by T.J. Fast and loses puck.
3:17 of 3rd period - Tim Gleason is hit by Cam Janssen and loses puck.
3:36 of 3rd period - Slapshot by Nick Spaling.
3:36 of 3rd period - Stopped by Devan Dubnyk without a rebound.
3:37 of 3rd period - Mathieu Perreault wins face-off versus Tom Pyatt in Thunder zone.
3:49 of 3rd period - Doug Janik is hit by J.T. Wyman and loses puck.
4:09 of 3rd period - Snap shot by J.T. Wyman.
4:09 of 3rd period - Shot Misses the Net.
4:11 of 3rd period - Snap shot by J.T. Wyman.
4:11 of 3rd period - Shot Blocked by Daultan Leveillé.
4:23 of 3rd period - Snap shot by Nick Spaling.
4:23 of 3rd period - Deflect By Doug Janik.
4:23 of 3rd period - Goal by Nick Spaling - Thunder : 2 - Staline : 5.
4:24 of 3rd period - Yan Stastny wins face-off versus Tom Pyatt in neutral zone.
4:27 of 3rd period - Slapshot by T.J. Fast.
4:27 of 3rd period - Shot Blocked by Tim Gleason.
5:21 of 3rd period - Wrist shot by J.T. Wyman.
5:21 of 3rd period - Shot Misses the Net.
5:41 of 3rd period - Snap shot by Matt D'Agostini.
5:41 of 3rd period - Shot Blocked by Devin Setoguchi.
6:01 of 3rd period - Wrist shot by Robin Leblanc.
6:01 of 3rd period - Deflect By Brandon Mashinter.
6:01 of 3rd period - Shot Blocked by Greg Pateryn.
6:01 of 3rd period - Puck is out of play.
6:02 of 3rd period - Daultan Leveillé wins face-off versus Mathieu Perreault in Staline zone.
6:29 of 3rd period - Matt D'Agostini is hit by T.J. Fast and loses puck.
6:41 of 3rd period - Jared Boll is hit by Scott Parse and loses puck.
6:58 of 3rd period - Wrist shot by Cam Janssen.
6:58 of 3rd period - Shot Blocked by Derek Peltier.
7:00 of 3rd period - Snap shot by Andrei Loktionov.
7:00 of 3rd period - Stopped by Devan Dubnyk with a rebound.
7:02 of 3rd period - Snap shot by Stu Bickel.
7:02 of 3rd period - Shot Misses the Net.
7:20 of 3rd period - Wrist shot by Jannik Hansen.
7:20 of 3rd period - Stopped by Tobias Stephan without a rebound.
7:21 of 3rd period - Tom Pyatt wins face-off versus Yan Stastny in Staline zone.
7:22 of 3rd period - Snap shot by Matt D'Agostini.
7:22 of 3rd period - Shot Misses the Net.
7:24 of 3rd period - Slapshot by Jeff Finger.
7:24 of 3rd period - Shot Misses the Net.
7:26 of 3rd period - Wrist shot by Matt D'Agostini.
7:26 of 3rd period - Shot Misses the Net.
7:28 of 3rd period - Snap shot by Tim Gleason.
7:28 of 3rd period - Shot Misses the Net.
7:30 of 3rd period - Snap shot by Scott Parse.
7:30 of 3rd period - Stopped by Tobias Stephan with a rebound.
7:32 of 3rd period - Slapshot by Jeff Finger.
7:32 of 3rd period - Shot Blocked by Tyler Cuma.
7:34 of 3rd period - Wrist shot by Matt D'Agostini.
7:34 of 3rd period - Stopped by Tobias Stephan with a rebound.
7:36 of 3rd period - Slapshot by Tim Gleason.
7:36 of 3rd period - Stopped by Tobias Stephan with a rebound.
7:46 of 3rd period - Mason Raymond is hit by Brandon Mashinter and loses puck.
8:15 of 3rd period - Wrist shot by James Sheppard.
8:15 of 3rd period - Stopped by Devan Dubnyk without a rebound.
8:16 of 3rd period - Tom Pyatt wins face-off versus J.T. Wyman in Thunder zone.
8:41 of 3rd period - Snap shot by Andrei Loktionov.
8:41 of 3rd period - Shot Misses the Net.
8:43 of 3rd period - Snap shot by Andrei Loktionov.
8:43 of 3rd period - Stopped by Devan Dubnyk without a rebound.
8:44 of 3rd period - Andrei Loktionov wins face-off versus Brandon Mashinter in Thunder zone.
9:33 of 3rd period - Wrist shot by Robin Leblanc.
9:33 of 3rd period - Stopped by Tobias Stephan with a rebound.
9:51 of 3rd period - Robin Leblanc is hit by T.J. Fast and loses puck.
9:56 of 3rd period - Wrist shot by Andrei Loktionov.
9:56 of 3rd period - Shot Misses the Net.
10:08 of 3rd period - 10 Minutes Game Misconduct Penalty to Brandon Prust is over.
10:18 of 3rd period - Slapshot by Andrei Loktionov.
10:18 of 3rd period - Shot Misses the Net.
10:20 of 3rd period - Slapshot by T.J. Fast.
10:20 of 3rd period - Shot Misses the Net.
10:22 of 3rd period - Snap shot by Cam Janssen.
10:22 of 3rd period - Shot Misses the Net.
10:31 of 3rd period - Minor Penalty to Robin Leblanc for Cross-checking.
10:32 of 3rd period - Scott Parse wins face-off versus Yan Stastny in Thunder zone.
10:42 of 3rd period - Slapshot by Tyler Cuma.
10:42 of 3rd period - Shot Blocked by Matt D'Agostini.
12:31 of 3rd period - Penalty to Robin Leblanc is over, Robin Leblanc is back on ice.
16:57 of 3rd period - Icing by T.J. Fast.
16:58 of 3rd period - Yan Stastny wins face-off versus Robin Leblanc in Staline zone.
16:58 of 3rd period - Yan Stastny is hit by Robin Leblanc.
17:40 of 3rd period - Wrist shot by J.T. Wyman.
17:40 of 3rd period - Deflect By Mathieu Perreault.
17:40 of 3rd period - Stopped by Devan Dubnyk with a rebound.
17:42 of 3rd period - Wrist shot by Mathieu Perreault.
17:42 of 3rd period - Shot Misses the Net.
17:44 of 3rd period - Slapshot by Stu Bickel.
17:44 of 3rd period - Stopped by Devan Dubnyk without a rebound.
17:45 of 3rd period - Yan Stastny wins face-off versus Tom Pyatt in Thunder zone.
18:10 of 3rd period - Casey Pierro-Zabotel is hit by Tyler Cuma and loses puck.
18:17 of 3rd period - Snap shot by Mathieu Perreault.
18:17 of 3rd period - Stopped by Devan Dubnyk with a rebound.
18:32 of 3rd period - Off-side.
18:33 of 3rd period - Andrei Loktionov wins face-off versus Daultan Leveillé in neutral zone.
19:02 of 3rd period - Joey Ryan is hit by T.J. Fast and loses puck.
19:33 of 3rd period - Wrist shot by Cam Janssen.
19:33 of 3rd period - Shot Misses the Net.
19:35 of 3rd period - Slapshot by Andrei Loktionov.
19:35 of 3rd period - Stopped by Devan Dubnyk with a rebound.
19:37 of 3rd period - Wrist shot by Theo Peckham.
19:37 of 3rd period - Stopped by Devan Dubnyk with a rebound.
19:39 of 3rd period - Snap shot by Andrei Loktionov.
19:39 of 3rd period - Shot Blocked by Brandon Mashinter.
19:41 of 3rd period - Snap shot by Theo Peckham.
19:41 of 3rd period - Stopped by Devan Dubnyk with a rebound.
19:45 of 3rd period - Wrist shot by Cam Janssen.
19:45 of 3rd period - Stopped by Devan Dubnyk with a rebound.
19:56 of 3rd period - Snap shot by Mason Raymond.
19:56 of 3rd period - Stopped by Devan Dubnyk with a rebound.
19:58 of 3rd period - Snap shot by Mason Raymond.
19:58 of 3rd period - Stopped by Devan Dubnyk without a rebound.
19:59 of 3rd period - Tom Pyatt wins face-off versus Brandon Prust in Thunder zone.
19:59 of 3rd period - Tom Pyatt is hit by Theo Peckham.
Goals for this period are 2 for Thunder vs 1 for Staline.
Shots for this period are 12 for Thunder vs 15 for Staline.


Output by the SimonT Hockey Simulator (STHS) for François Prévost -- Original Page W3C XHTML 1.0 Valid
Hockey Simulator - Hockey Simulation - Hockey Manager